 Dungeon Crawl Stone Soup version 0.25.0-10-g039870ee82 (webtiles) character file.

Game seed: 6808303862779418490

176 Patate the Skirmisher (level 5, -2/52 HPs)
             Began as a Gargoyle Berserker on June 22, 2020.
             Was a Priest of Trog.
             Slain by Menkaure (15 damage)
             ... in an ossuary.
             The game lasted 00:10:09 (3589 turns).

Patate the Skirmisher (Gargoyle Berserker)          Turns: 3589, Time: 00:10:09

Health: -2/52      AC: 10    Str: 21    XL:     5   Next: 56%
Magic:  5/5        EV:  9    Int:  8    God:    Trog [***...]
Gold:   154        SH:  3    Dex:  9    Spells: 4/4 levels left

rFire    . . .     SeeInvis .   d - +0 whip
rCold    . . .     Gourm    .   f - +0 buckler
rNeg     + . .     Faith    .   j - +0 scale mail
rPois    ∞         Spirit   .   (no helmet)
rElec    +         Reflect  .   (no cloak)
rCorr    .         Harm     .   (no gloves)
MR       ++...                  (no boots)
Stlth    ..........             (no amulet)
HPRegen  1.17/turn              (no ring)
MPRegen  0.09/turn              (no ring)

@: berserking, marked, regenerating, very quick
A: negative energy resistance 1, electricity resistance, unbreathing,
petrification resistance, rot immunity, AC +4
a: Berserk, Trog's Hand, Renounce Religion


You were in an ossuary.
You worshipped Trog.
Trog was most pleased with you.
You were very hungry.

You visited 1 branch of the dungeon, and saw 4 of its levels.
You also visited: Ossuary.

You collected 154 gold pieces.

Inventory:

Hand Weapons
 d - a +0 whip (weapon)
Armour
 b - a +0 animal skin
 f - a +0 buckler (worn)
 j - a +0 scale mail (worn)
Jewellery
 h - an uncursed ring of positive energy {unknown}
Scrolls
 a - 5 scrolls of identify
 i - 4 scrolls of remove curse
 m - a scroll of blinking {unknown}
Potions
 e - a potion of mutation
 g - 2 potions of flight
 k - a potion of invisibility
Comestibles
 c - 6 rations


   Skills:
 * Level 5.5 Fighting
 + Level 4.4 Maces & Flails
 - Level 2.1 Armour
 - Level 1.5 Dodging
 - Level 0.5 Stealth


You had 4 spell levels left.
You didn't know any spells.
Your spell library was empty.

Dungeon Overview and Level Annotations

Branches:
Dungeon (4/15)            Ossuary (1/1)
 Temple: D:4-7

Altars:

Annotations:
Ossuary Menkaure


Innate Abilities, Weirdness & Mutations

You are resistant to torment.
Your stone body is resilient. (AC +4)
You are immune to poison.
You resist negative energy. (rN+)
You are resistant to electric shocks. (rElec)
You can survive without breathing.
You are immune to petrification.
You are immune to rotting.


Message History

You resist with almost no effort.
Your scale mail prevents you from hitting the mummy.
The mummy is severely damaged.
Menkaure closely misses you.
You block the hobgoblin zombie's attack.
The mummy hits you!
You barely miss the mummy.
The mummy is severely damaged.
Menkaure gestures at you while chanting.
You resist with almost no effort.
The hobgoblin zombie hits you but does no damage.
You whack the mummy!
You destroy the mummy!
Trog accepts your kill. Menkaure hits you.
* * * LOW HITPOINT WARNING * * *
You whack Menkaure!
Menkaure is moderately damaged.
Menkaure hits you!
You die...

..##..##..####^.##.^##..##
.##..##..##!!##.^##..##..##
##..##..## .?##..##..##..##
#..##..## ..##..##^.##..##
..##..## ..##..##..##.^## .##..##
.^##..##..##..## ##..##
..##..##..##..##
#..##############M'##..##..##^.##
.......^........@Z^.##.^##..##..#
#######################..##.^##..
.....^.....^.^..^.........##..##.
#############################..##
......................^.........#
#################################


You could see Menkaure (fast) and a hobgoblin zombie.

Vanquished Creatures
  2 mummies (Ossuary)
  Robin (D:3)
  4 adders
  2 oozes
  2 worms (D:2)
  2 leopard geckos (D:3)
  An orc (D:3)
  7 bats
  5 giant cockroaches
  2 gnoll zombies (Ossuary)
  12 goblins
  7 hobgoblins
  4 ball pythons
  6 frilled lizards
  6 gnoll skeletons (Ossuary)
  6 goblin skeletons (Ossuary)
  3 goblin zombies (Ossuary)
  2 hobgoblin skeletons (Ossuary)
  6 hobgoblin zombies (Ossuary)
  6 kobolds
  A kobold skeleton (Ossuary)
  3 kobold zombies (Ossuary)
  3 orc skeletons (Ossuary)
  6 orc zombies (Ossuary)
  7 rats
  3 rat skeletons (Ossuary)
  A rat zombie (Ossuary)
110 creatures vanquished.

Vanquished Creatures (others)
  2 goblin skeletons (Ossuary)
  2 kobold skeletons (Ossuary)
  A rat zombie (Ossuary)
5 creatures vanquished.

Grand Total: 115 creatures vanquished

Notes
Turn   | Place    | Note
-------+----------+-------------------------------------------
     0 | D:1      | Patate the Gargoyle Berserker began the quest for the Orb.
     0 | D:1      | Reached XP level 1. HP: 14/14 MP: 1/1
   364 | D:1      | Reached XP level 2. HP: 18/20 MP: 2/2
  1010 | D:2      | Reached skill level 4 in Fighting
  1013 | D:2      | Reached XP level 3. HP: 24/24 MP: 3/3
  1166 | D:2      | Reached ** piety under Trog
  1969 | D:3      | Reached XP level 4. HP: 17/30 MP: 4/4
  2297 | D:3      | Noticed Robin
  2316 | D:3      | Killed Robin
  2666 | D:3      | Reached skill level 5 in Fighting
  2832 | D:3      | Reached XP level 5. HP: 35/35 MP: 5/5
  3041 | D:4      | Found a sand-covered staircase.
  3050 | Ossuary  | Entered an ossuary
  3141 | Ossuary  | Reached *** piety under Trog
  3578 | Ossuary  | Noticed Menkaure
  3589 | Ossuary  | Slain by Menkaure

Illustrated notes

Levels and vault maps discovered:
D:1:      grunt_arrival_crossed_arrows, layout_rooms
D:2:      layout_loops_ring, first_ration, lemuel_statue_altar
D:3:      layout_loops_ring, uniq_robin
D:4:      layout_loops_ring, minmay_temple_entry_tees,
          nicolae_ossuary_entry_monument, uniq_pikel
Ossuary:  ossuary_due_pyramid

Skill      XL: |  1  2  3  4 |
---------------+-------------+-----
Fighting       | 4 5 |  5.5
Maces & Flails | 4 |  4.4
Armour         | |  2.1
Dodging        | |  1.5
Stealth        | |  0.5

Action                   |  1- 3 |  4- 6 || total
-------------------------+-------+-------++-------
Melee: Mace              |    11 |       ||    11
       Whip              |   134 |   264 ||   398
Invok: Berserk           |     2 |     3 ||     5
       Trog's Hand       |     1 |     2 ||     3
  Use: Scroll            |     1 |     5 ||     6
 Stab: Sleeping          |       |     1 ||     1
  Eat: Chunk             |     1 |     6 ||     7
       Ration            |     1 |     1 ||     2
Armor: Animal skin       |    53 |    24 ||    77
       Scale mail        |       |    62 ||    62
Dodge: Dodged            |    87 |    91 ||   178
Block: Buckler           |    11 |    30 ||    41
